 Dungeon Crawl Stone Soup version 0.28.0-47-ge53b351184 (webtiles) character file.

Game seed: 14807988677306801768

125 Woods the Insei (level 5, -2/40 HPs)
             Began as a Gnoll Transmuter on May 8, 2022.
             Killed from afar by an orc wizard (12 damage)
             ... with a puff of flame
             ... on level 4 of the Dungeon.
             The game lasted 00:02:54 (3074 turns).

Woods the Insei (Gnoll Transmuter)                  Turns: 3074, Time: 00:02:55

Health: -2/40      AC:  2    Str: 22    XL:     5   Next: 9%
Magic:  12/12      EV: 13    Int: 14    God:
Gold:   84         SH:  0    Dex: 12    Spells: 8/14 levels left

rFire   . . .      SeeInvis .     - Unarmed
rCold   . . .      Faith    .   (no shield)
rNeg    . . .      Spirit   .   a - +0 robe
rPois   .          Reflect  .   (helmet currently unavailable)
rElec   .          Harm     .   (no cloak)
rCorr   .          Rampage  .   (no gloves)
Will    .....                   (boots currently unavailable)
Stlth   ++........              (no amulet)
HPRegen 0.13/turn               h - +6 ring of strength
MPRegen 0.13/turn               k - +6 ring of strength

@: appendages
A: horns 2, talons 2, fangs 1, strong nose, distributed training
a: End Transformation


You were on level 4 of the Dungeon.
You had temporarily grown beastly horns and talons.
You visited 1 branch of the dungeon, and saw 4 of its levels.

You collected 117 gold pieces.
You spent 33 gold pieces at shops.

Inventory:

Hand Weapons
 g - a +0 dagger of venom
Armour
 a - a +0 robe (worn)
Jewellery
 h - a +6 ring of strength (left hand)
 k - a +6 ring of strength (right hand)
 l - a ring of resist corrosion
 n - a +6 ring of intelligence
Scrolls
 b - a scroll of amnesia {unknown}
 c - 5 scrolls of identify {unknown}
 e - 4 scrolls of teleportation {unknown}
 f - a scroll of silence {unknown}
 i - 2 scrolls of blinking {unknown}
Potions
 d - a potion of berserk rage {unknown}
 j - a potion of curing
 m - a potion of lignification {unknown}


   Skills:
 + Level 2.9 Fighting
 + Level 1.3 Short Blades
 + Level 1.3 Long Blades
 + Level 1.3 Axes
 + Level 1.3 Maces & Flails
 + Level 1.3 Polearms
 + Level 1.3 Staves
 + Level 1.3 Slings
 + Level 1.3 Bows
 + Level 1.3 Crossbows
 + Level 1.3 Throwing
 + Level 1.3 Armour
 + Level 4.7 Dodging
 + Level 1.3 Stealth
 + Level 1.3 Shields
 + Level 6.6 Unarmed Combat
 + Level 5.1 Spellcasting
 + Level 1.1 Conjurations
 + Level 1.1 Hexes
 + Level 1.1 Summonings
 + Level 1.1 Necromancy
 + Level 1.1 Translocations
 + Level 3.9 Transmutations
 + Level 1.1 Fire Magic
 + Level 1.1 Ice Magic
 + Level 1.1 Air Magic
 + Level 1.1 Earth Magic
 + Level 1.1 Poison Magic
 + Level 1.5 Invocations
 + Level 1.3 Evocations


You had 8 spell levels left.
You knew the following spells:

 Your Spells              Type           Power      Damage    Failure   Level
a - Beastly Appendage     Tmut           28%        N/A       3%          1
b - Wereblood             Tmut           14%        N/A       5%          2
c - Spider Form           Tmut/Pois      10%        N/A       19%         3

Your spell library contained the following spells:

 Spells                   Type           Power      Damage    Failure   Level
 Passwall                 Tmut/Erth      8%         N/A       10%         2
 Tukima's Dance           Hex            6%         N/A       32%         3
 Ice Form                 Ice/Tmut       10%        N/A       52%         4
 Petrify                  Tmut/Erth      10%        N/A       52%         4
 Anguish                  Hex/Necr       3%         N/A       73%         4
 Sticky Flame             Conj/Fire      6%         2d3       73%         4
 Statue Form              Tmut/Erth      6%         N/A       100%        6
 Enfeeble                 Hex            3%         N/A       100%        7


Dungeon Overview and Level Annotations

Branches:
Dungeon (4/15)
 Temple: D:4-7

Altars:

Shops:
D:3 *


Innate Abilities, Weirdness & Mutations

You have temporarily grown beastly horns and talons.
You have very sharp teeth.
Your uncanny sense of smell can sniff out nearby items.
Your experience applies equally to all skills.


Message History

You're too confused to move!
The orc wizard casts a spell at you. The magic dart hits you!
You closely miss the orc wizard.
You're too confused to move!
You feel less confused. The orc wizard closely misses you.
The orc closely misses you.
Casting: Beastly Appendage (safe; 3% risk of failure)
Confirm with . or Enter, or press ? or * to list all spells.
You grow a pair of large bovine horns.
Your feet morph into talons.
The orc wizard casts a spell.
The orc wizard flickers and vanishes!
Deactivating autopickup; reactivate with Ctrl-A.
You closely miss something. Your headbutt misses something.
Something barely misses you.
You hit something but do no damage. Your kick misses something.
Your headbutt misses something. Something hits you.
You hit something but do no damage. Your kick misses something.
Your headbutt misses something.
You hear some strange, mumbled words.
A magic dart appears from out of thin air!
The magic dart hits you!
You hit something. Your punch misses something. Something hits you.
You miss something. Something hits you but does no damage.
You closely miss something. You bite something. Something hits you.
You hit something. You claw something.
You hear some strange, mumbled words.
You are confused.
You're too confused to move!
Something hits you. Something hits you but does no damage.
You hear some strange, mumbled words.
Something tries to affect you, but you resist.
You bump into the rock wall.
You feel less confused. The orc hits you with a +0 short sword.
* * * LOW HITPOINT WARNING * * *
You hear some strange, mumbled words.
A puff of flame appears from out of thin air!
The puff of flame hits you!
You die...

## .. .###. #. ##
.#.## . . #)..# .#
#.#####...# .# ..#
#.#..(#)..# ..#
..# #.....#.###.#
..# ##...###o..##
..# ##.###.#@{...#
..#
#...#...#...#..(#
..# #...#...#####
..#
..#######...#...#
#
.........#.###.#.
..#####..##...###.
∆ ..#####.## ....
.<....... ...#..
...####.#. #### .


You could see an orc.

Vanquished Creatures
  An orc wizard (D:4)
  3 adders (D:3)
  3 dart slugs
  3 orcs
  5 ball pythons
  7 bats
  5 endoplasms
  4 giant cockroaches
  9 hobgoblins
  3 kobolds
  A quokka (D:2)
  3 frilled lizards
  7 goblins
  6 rats
60 creatures vanquished.

Notes
Turn   | Place    | Note
-------+----------+-------------------------------------------
     0 | D:1      | Woods the Gnoll Transmuter began the quest for the Orb.
     0 | D:1      | Reached XP level 1. HP: 17/17 MP: 6/6
   152 | D:1      | Reached XP level 2. HP: 22/23 MP: 5/7
   791 | D:1      | Reached XP level 3. HP: 28/28 MP: 7/9
   795 | D:1      | Reached skill level 5 in Spellcasting
   869 | D:1      | Learned a level 2 spell: Wereblood
   873 | D:1      | Learned a level 3 spell: Spider Form
  1411 | D:1      | Reached skill level 1 in Invocations
  1788 | D:2      | Found a faded altar of an unknown god.
  1995 | D:2      | Reached skill level 1 in Short Blades
  1995 | D:2      | Reached skill level 1 in Long Blades
  1995 | D:2      | Reached skill level 1 in Axes
  1995 | D:2      | Reached skill level 1 in Maces & Flails
  1995 | D:2      | Reached skill level 1 in Polearms
  1995 | D:2      | Reached skill level 1 in Staves
  1995 | D:2      | Reached skill level 1 in Slings
  1995 | D:2      | Reached skill level 1 in Bows
  1995 | D:2      | Reached skill level 1 in Crossbows
  1995 | D:2      | Reached skill level 1 in Throwing
  1995 | D:2      | Reached skill level 1 in Armour
  1995 | D:2      | Reached skill level 1 in Stealth
  1995 | D:2      | Reached skill level 1 in Shields
  1995 | D:2      | Reached skill level 1 in Evocations
  2314 | D:3      | Reached XP level 4. HP: 34/34 MP: 9/11
  2368 | D:3      | Found Keffehou's General Store.
  2373 | D:3      | Bought a potion of curing for 33 gold pieces
  2743 | D:3      | Got Xopt's Tome of Blistering Earth
  2857 | D:3      | Reached skill level 1 in Conjurations
  2857 | D:3      | Reached skill level 1 in Hexes
  2857 | D:3      | Reached skill level 1 in Summonings
  2857 | D:3      | Reached skill level 1 in Necromancy
  2857 | D:3      | Reached skill level 1 in Translocations
  2857 | D:3      | Reached skill level 1 in Fire Magic
  2857 | D:3      | Reached skill level 1 in Ice Magic
  2857 | D:3      | Reached skill level 1 in Air Magic
  2857 | D:3      | Reached skill level 1 in Earth Magic
  2857 | D:3      | Reached skill level 1 in Poison Magic
  3052 | D:4      | Reached XP level 5. HP: 40/40 MP: 12/12
  3074 | D:4      | Killed from afar by an orc wizard

Illustrated notes

Levels and vault maps discovered:
D:1:      dpeg_arrival_connections, layout_basic, minmay_tiny_reverse_x
D:2:      layout_basic, chequers_ecumenical_altar_island,
          minmay_misc_feat_encased
D:3:      layout_basic, serial_shops, shop
D:4:      nicolae_cairo_tiling, layout_loops_ring, temple_doors_e

Skill      XL: |  1  2  3  4 |
---------------+-------------+-----
Spellcasting   | 5 |  5.1
Invocations    | 1 |  1.5
Short Blades   | 1 |  1.3
Long Blades    | 1 |  1.3
Axes           | 1 |  1.3
Maces & Flails | 1 |  1.3
Polearms       | 1 |  1.3
Staves         | 1 |  1.3
Slings         | 1 |  1.3
Bows           | 1 |  1.3
Crossbows      | 1 |  1.3
Throwing       | 1 |  1.3
Armour         | 1 |  1.3
Stealth        | 1 |  1.3
Shields        | 1 |  1.3
Evocations     | 1 |  1.3
Conjurations   | 1 |  1.1
Hexes          | 1 |  1.1
Summonings     | 1 |  1.1
Necromancy     | 1 |  1.1
Translocations | 1 |  1.1
Fire Magic     | 1 |  1.1
Ice Magic      | 1 |  1.1
Air Magic      | 1 |  1.1
Earth Magic    | 1 |  1.1
Poison Magic   | 1 |  1.1
Fighting       | |  2.9
Dodging        | |  4.7
Unarmed Combat | |  6.6
Transmutations | |  3.9

Action                   |  1- 3 |  4- 6 || total
-------------------------+-------+-------++-------
Melee: Unarmed           |    95 |    38 ||   133
       Bite              |     6 |     3 ||     9
       Headbutt          |    11 |     6 ||    17
       Kick              |    14 |     4 ||    18
       Punch             |       |     2 ||     2
 Cast: Beastly Appendage |    27 |    10 ||    37
 Stab: Sleeping          |     1 |       ||     1
Armor: Robe              |    16 |     8 ||    24
Dodge: Dodged            |    51 |    25 ||    76
